 Dungeon Crawl Stone Soup version 0.25-a0-185-g6cfeca75b2 (webtiles) character file.

Game seed: 13464242257162288529, levelgen mode: deterministic

39 MisterFreud the Skirmisher (level 3, -4/18 HPs)
             Began as a Felid Artificer on Nov 27, 2019.
             Slain by an orc
             ... wielding a +0 hand axe
              (6 damage)
             ... on level 3 of the Dungeon.
             The game lasted 00:04:22 (3205 turns).

MisterFreud the Skirmisher (Felid Artificer)        Turns: 3205, Time: 00:04:22

Health: -4/18      AC:  1    Str:  8    XL:     3   Next: 28%
Magic:  6/6        EV: 20    Int: 13    God:
Gold:   117        SH:  0    Dex: 16    Spells: 2/2 levels left
                                        Lives:  0   Deaths: 1

rFire    . . .     SeeInvis +     - Unarmed
rCold    . . .     Gourm    .   (shield unavailable)
rNeg     . . .     Faith    .   (armour unavailable)
rPois    .         Spirit   .   (helmet unavailable)
rElec    .         Reflect  .   (cloak unavailable)
rCorr    .         Harm     .   (gloves unavailable)
MR       .....                  (boots unavailable)
Stlth    +++.......             (no amulet)
HPRegen  0.06/turn              (no ring)
MPRegen  0.10/turn              (no ring)

@: quick
A: very small, no armour, no weapons or thrown items, stealth, claws 1, fangs 3,
repulsion field 1, camouflage 1, see invisible, carnivore, speed 1, shaggy fur
1, slow metabolism 1, sharp paws
a: no special abilities


You were on level 3 of the Dungeon.
You were not hungry.

You visited 1 branch of the dungeon, and saw 3 of its levels.

You collected 117 gold pieces.

Inventory:

Wands
 a - a wand of flame (11)
 b - a wand of enslavement (15)
 c - a wand of random effects (14)
Scrolls
 e - 3 scrolls of identify
 h - a scroll of teleportation
 i - 2 scrolls of amnesia
 j - 3 scrolls of remove curse
Comestibles
 d - 3 rations


   Skills:
 - Level 4.0 Fighting
 + Level 2.8 Dodging
 + Level 1.7 Stealth
 + Level 1.1 Unarmed Combat
 - Level 3.2 Evocations


You had 2 spell levels left.
You didn't know any spells.
Your spell library contained the following spells:

 Spells                   Type           Power        Failure   Level  Hunger
 Summon Small Mammal      Summ           #...         30%         1    ##.....
 Call Imp                 Summ           #.......     43%         2    ###....
 Call Canine Familiar     Summ           #.......     67%         3    ####...
 Summon Guardian Golem    Hex/Summ       #.......     67%         3    ####...
 Summon Ice Beast         Ice/Summ       #.......     97%         4    #####..
 Summon Lightning Spire   Summ/Air       #.......     97%         4    #####..


Dungeon Overview and Level Annotations

Branches:
Dungeon (3/15)

Altars:


Innate Abilities, Weirdness & Mutations

You cannot wear armour.
You are incapable of wielding weapons or throwing items.
Your paws allow you to move quietly. (Stealth)
You have sharp claws.
You have razor-sharp teeth.
You have supernaturally acute eyesight. (SInv)
You are carnivorous and can eat meat at any time.
You cover ground quickly.
You are covered in fur. (AC +1)
You have a slow metabolism.
Your sharp claws are effective at attacking unaware monsters.
You are surrounded by a mild repulsion field. (EV +2)
Your skin changes colour to match your surroundings (Stealth+).


Message History

You closely miss the orc wizard. The orc closely misses you.
The orc wizard points at you and mumbles some strange words.
The magic dart hits you!
Ouch! That really hurt!
The orc hits you with a cursed -2 club.
* * * LOW HITPOINT WARNING * * *
The orc wizard casts a spell.
The orc wizard blinks!
The orc wizard mumbles some strange words.
The orc wizard blinks!
The orc hits you with a +0 hand axe.
* * * LOW HITPOINT WARNING * * *
You scratch the orc. You bite the orc, but do no damage.
The orc is moderately wounded.
The orc misses you.
You scratch the orc.
The orc is severely wounded.
The orc wizard mumbles some strange words.
The orc wizard blinks!
The orc hits you with a +0 hand axe.
You die...

##### #....
###....#########
.......'§ooo@..#
###....#..o###.#
#....#...# #.#
#....#...# #.#
######...# #.#
#...# #.# #...#
#.# ##### #.#
#.#


You could see 4 orcs.

Vanquished Creatures
  3 adders
  An ooze (D:1)
  3 dart slugs (D:1)
  4 leopard geckos
  3 giant cockroaches (D:2)
  2 goblins
  2 hobgoblins (D:1)
  4 jackals (D:2)
  A quokka (D:2)
  A ball python (D:3)
  7 bats
  2 frilled lizards (D:2)
  9 kobolds
  8 rats
50 creatures vanquished.

Notes
Turn   | Place    | Note
-------+----------+-------------------------------------------
     0 | D:1      | MisterFreud the Felid Artificer began the quest for the
                  | Orb.
     0 | D:1      | Reached XP level 1. HP: 9/9 MP: 4/4
   596 | D:1      | Reached skill level 2 in Fighting
   597 | D:1      | Reached XP level 2. HP: 7/13 MP: 5/5
  1163 | D:1      | Reached skill level 3 in Fighting
  1426 | D:1      | Reached XP level 3. HP: 17/17 MP: 6/6
  2867 | D:3      | Reached skill level 4 in Fighting
  2867 | D:3      | Reached XP level 4. HP: 10/22 MP: 7/7
  3159 | D:3      | Gained mutation: Your skin changes colour to match your
                  | surroundings (Stealth+). [potion of mutation]
  3159 | D:3      | Gained mutation: You are surrounded by a mild repulsion
                  | field. (EV +2) [potion of mutation]
  3169 | D:3      | HP: 1/22 [poisoned by an adder]
  3174 | D:3      | Succumbed to an adder's poison
  3175 | D:3      | Reached XP level 3. HP: 0/18 MP: 6/6
  3205 | D:3      | Slain by an orc

Levels and vault maps discovered:
D:1:      elethiomel_arrival_fortress_basement, layout_basic,
          ebering_dispersal_statue_hall, minmay_misc_feat_hallway,
          minmay_hedge_maze, glass_columns_a
D:2:      layout_basic
D:3:      layout_basic, uniq_crazy_yiuf_cottage

Skill      XL: |  1  2  3 |
---------------+----------+-----
Fighting       | 2 3 4 |  4.0
Dodging        | |  2.8
Stealth        | |  1.7
Unarmed Combat | |  1.1
Evocations     | |  3.2

Action                   |  1- 3 |  4- 6 || total
-------------------------+-------+-------++-------
Melee: Unarmed           |   201 |    25 ||   226
       Bite              |    15 |       ||    15
       Punch             |     3 |       ||     3
Evoke: Wand              |     3 |     2 ||     5
  Use: Scroll            |     8 |     1 ||     9
       Potion            |     2 |     1 ||     3
 Stab: Sleeping          |     6 |     1 ||     7
       Distracted        |     1 |       ||     1
  Eat: Chunk             |    10 |     2 ||    12
Armor: Skin              |    15 |     4 ||    19
Dodge: Dodged            |   192 |    35 ||   227

Table legend:
 A = Non-vault XP
 B = Vault XP
 C = Vault XP percentage of total XP
 D = Non-vault monster count
 E = Vault monster count
 F = Vault count percentage of total count
                 A         B        C        D         E       F
            +---------+---------+-------+---------+---------+-------
      Total |     126 |       1 |   0.8 |      49 |       1 |   2.0
            +---------+---------+-------+---------+---------+-------
        D:1 |      46 |       1 |   2.1 |      22 |       1 |   4.3
        D:2 |      47 |       0 |   0.0 |      21 |       0 |   0.0
        D:3 |      33 |       0 |   0.0 |       6 |       0 |   0.0
            +---------+---------+-------+---------+---------+-------
